AoeStats
← jose_manuel.rodriguez

Arabia

507274377Analyzed
1v1 RM · 16d ago on Sep 17, 2026· 37m 22s· 2 players
Game mode
Random Map
Map size
Tiny (2 player)
Population
200
Speed
Normal
Resources
Standard
Victory
Conquest
Starting age
Dark Age
Ending age
Imperial Age
RankedLock teamsTeams togetherTeam positionsShared explorationLock speedFull tech treeHidden civsTurbo modeCheats
Victory
Defeat
🇦🇷 Franks · Argentina
1010
+16
🇦🇹 Huns · Austria
1005
-16
outsidetheflags
5:51 Loom
9:14 Feudal Age
10:12 Double-Bit Axe
18:56 Horse Collar
22:28 Castle Age
22:15 Fletching
22:33 Pikeman
24:06 Gold Mining
24:29 Bow Saw
26:03 Bodkin Arrow
28:58 Padded Archer Armor
33:49 Husbandry
38:49 Imperial Age
36:54 Scale Barding Armor
39:37 Imperial Age
37:32 Ballistics
jose_manuel.rodriguez
5:58 Loom
9:19 Feudal Age
20:37 Castle Age
18:37 Double-Bit Axe
19:26 Forging
21:02 Stone Mining
21:03 Gold Mining
22:27 Fletching
22:37 Padded Archer Armor
26:10 Elite Skirmisher
35:34 Imperial Age
32:53 Town Watch
33:54 Wheelbarrow
34:03 Town Patrol
35:33 Hand Cart
35:59 Scale Barding Armor
36:29 Iron Casting
Connection lost

Rejoining the realm…

Still unreachable

The connection could not be restored.

Session expired

The server has moved on; the page needs a fresh start.